 Dungeon Crawl Stone Soup version 0.29.0-4-gdea44cf6ec (webtiles) character file.

Game seed: 11330101082953658723

79 qw the Chopper (level 4, -3/28 HPs)
             Began as a Gargoyle Berserker on Sept 6, 2022.
             Was a Believer of Trog.
             Slain by Sigmund
             ... wielding a +0 scythe
              (5 damage)
             ... on level 2 of the Dungeon.
             The game lasted 00:00:49 (2144 turns).

qw the Chopper (Gargoyle Berserker)                 Turns: 2144, Time: 00:00:50

Health: -3/28      AC: 14    Str: 19 (22) XL:     4   Next: 37%
Magic:  4/4        EV:  5    Int:  7 (8)  God:    Trog [**....]
Gold:   123        SH:  0    Dex:  7 (9)  Spells: 3/3 levels left

rFire   . . .      SeeInvis .   Y - +0 hand axe
rCold   . . .      Faith    .   (no shield)
rNeg    + . .      Spirit   .   i - +0 plate armour
rPois   inf        Reflect  .   (no helmet)
rElec   +          Harm     .   (no cloak)
rCorr   .          Rampage  .   (no gloves)
Will    .....                   (no boots)
Stlth   ..........              (no amulet)
HPRegen 0.09/turn               (no ring)
MPRegen 0.09/turn               (no ring)

@: on berserk cooldown
A: sickness immunity, AC +3, negative energy resistance 1, electricity
resistance, torment resistance 1, petrification resistance
a: Renounce Religion, Berserk, Trog's Hand


You were on level 2 of the Dungeon.
You worshipped Trog.
Trog was pleased with you.
You visited 1 branch of the dungeon, and saw 2 of its levels.

You collected 123 gold pieces.


Innate Abilities, Weirdness & Mutations

You are immune to sickness and miasma.
Your stone body is resilient. (AC +3)
You are immune to poison.
You resist negative energy. (rN+)
You are resistant to electric shocks. (rElec)
You are resistant to unholy torment.
You are immune to petrification.


   Skills:
 - Level 3.2 Fighting
 + Level 4.6 Axes
 - Level 2.1 Armour
 - Level 1.5 Dodging


You had 3 spell levels left.
You didn't know any spells.
Your spell library was empty.

Inventory:

Hand Weapons
 d - a +0 whip
 Y - a +0 hand axe (weapon)
Armour
 f - a +0 pair of boots
 i - a +0 plate armour (worn)
Scrolls
 a - a scroll of noise {unknown}
 c - a scroll of identify {unknown}
Potions
 b - 2 potions of attraction {unknown}
 e - 2 potions of heal wounds {unknown}
 g - a potion of lignification {unknown}

Dungeon Overview and Level Annotations

Branches:
Dungeon (2/15)

Altars:

Annotations:
D:2 Sigmund


Message History

The magic dart hits you but does no damage.
Sigmund hits you but does no damage. Sigmund attacks as you move away!
Sigmund hits you but does no damage.
You feel less confused. Sigmund casts a spell at you.
The puff of flame hits you. Sigmund closely misses you.
You closely miss Sigmund. Sigmund hits you but does no damage.
You closely miss Sigmund. Sigmund hits you with a +0 scythe!
You hit Sigmund.
Sigmund is lightly wounded.
Sigmund hits you with a +0 scythe.
You hit Sigmund.
Sigmund is lightly wounded.
You feel yourself speed up.
Sigmund points at you and mumbles some strange words.
You resist with some effort.
You hit Sigmund.
Sigmund is moderately wounded.
Sigmund gestures at you while chanting. You resist with some effort.
You barely miss Sigmund.
Sigmund is moderately wounded.
Sigmund barely misses you.
You barely miss Sigmund.
Sigmund is moderately wounded.
Sigmund breathes a few words.
Sigmund's hands start flickering wildly.
Sigmund completely misses you.
You barely miss Sigmund.
Sigmund is moderately wounded.
You closely miss Sigmund.
Sigmund is moderately wounded.
Sigmund points at you and mumbles some strange words.
The magic dart hits you but does no damage.
You hit Sigmund.
Sigmund is moderately wounded.
Sigmund hits you with a +0 scythe.
You die...

#.#....#..########
#.....###........#
#....#..######.# #
##.##.#.# #.#
#.##.####.# #.#
#.........# #.#
####%###########.#
##...## #.....#
#.@...# #.#####
#...@..(# ##.#.##
#.........##.....####
+..................).
#................####
##.......##......#
##.....####...#.#
##...## ##.##.#
####.#


You could see Sigmund.

Vanquished Creatures
  Jessica (D:2)
  2 worms (D:2)
  2 dart slugs (D:1)
  4 endoplasms
  3 giant cockroaches
  5 goblins
  2 hobgoblins
  3 kobolds
  A quokka (D:1)
  4 ball pythons (D:1)
  7 bats
  4 frilled lizards
  3 rats
41 creatures vanquished.

Notes
Turn   | Place    | Note
-------+----------+-------------------------------------------
     0 | D:1      | qw the Gargoyle Berserker began the quest for the Orb.
     0 | D:1      | Reached XP level 1. HP: 14/14 MP: 1/1
     0 | D:1      | 0 ||| qw: Version: 0.1-a-108-g9e35731
     0 | D:1      | 0 ||| qw: Game counter: 6217
     0 | D:1      | 0 ||| qw: Always use a shield: true
     0 | D:1      | 0 ||| qw: Do Orc after D:15 true
     0 | D:1      | 0 ||| qw: Do second Lair branch before Depths: true
     0 | D:1      | 0 ||| qw: Lair rune preference: random
     0 | D:1      | 0 ||| qw: Plans: Normal
     0 | D:1      | 0 ||| PLANNING D:1-11
    84 | D:1      | 84 ||| Stepping ~*~*~tactically~*~*~ (stealth).
    86 | D:1      | 86 ||| Stepping ~*~*~tactically~*~*~ (stealth).
   326 | D:1      | Reached skill level 3 in Axes
   480 | D:1      | Reached XP level 2. HP: 14/19 MP: 2/2
   899 | D:1      | Reached XP level 3. HP: 23/23 MP: 3/3
  1246 | D:1      | 1246 ||| UPGRADING to +0 leather armour.
  1256 | D:1      | 1256 ||| DROPPING +0 animal skin.
  1257 | D:1      | 1257 ||| UPGRADING to +0 plate armour.
  1267 | D:1      | 1267 ||| DROPPING +0 leather armour.
  1268 | D:1      | 1268 ||| READING 3 scrolls labelled BIESTR HANTACK.
  1269 | D:1      | 1269 ||| READING scroll labelled MIBRAEDOTH.
  1273 | D:1      | 1273 ||| DRINKING 2 glowing white potions.
  1274 | D:1      | 1274 ||| DRINKING 2 pink potions.
  1275 | D:1      | 1275 ||| DROPPING 2 scrolls of fear.
  1276 | D:1      | 1276 ||| DROPPING potion of degeneration.
  1332 | D:2      | 1332 ||| INVOKING Berserk.
  1574 | D:2      | Noticed Jessica
  1581 | D:2      | Killed Jessica
  1582 | D:2      | Reached skill level 4 in Axes
  1582 | D:2      | Reached XP level 4. HP: 28/28 MP: 4/4
  1684 | D:2      | 1684 ||| DROPPING +0 club.
  1729 | D:2      | 1729 ||| DROPPING +4 club.
  1893 | D:2      | Reached ** piety under Trog
  1901 | D:2      | 1901 ||| Stepping ~*~*~tactically~*~*~ (stealth).
  2106 | D:2      | Noticed Sigmund
  2107 | D:2      | 2107 ||| INVOKING Berserk.
  2127 | D:2      | 2127 ||| DRINKING potion of curing.
  2127 | D:2      | 2127 ||| (to cure confusion)
  2136 | D:2      | HP: 7/28 [Sigmund/+0 scythe (7)]
  2137 | D:2      | HP: 2/28 [Sigmund/+0 scythe (5)]
  2144 | D:2      | Slain by Sigmund

Levels and vault maps discovered:
D:1:      ebering_trefoil_twist, layout_loops_ring,
          chequers_serial_rivers_micro_a
D:2:      layout_loops_corners, serial_shops, shop, minmay_misc_feat_square,
          minmay_circle_x, uniq_jessica, uniq_terence, uniq_sigmund

Skill      XL: |  1  2  3 |
---------------+----------+-----
Axes           | 3 4 |  4.6
Fighting       | |  3.2
Armour         | |  2.1
Dodging        | |  1.5

Action                   |  1- 3 |  4- 6 || total
-------------------------+-------+-------++-------
Melee: Hand axe          |    89 |    54 ||   143
Invok: Berserk           |     1 |     1 ||     2
  Use: Potion            |     2 |     1 ||     3
       Scroll            |     2 |       ||     2
Armor: Animal skin       |    29 |       ||    29
       Plate armour      |     5 |    64 ||    69
Dodge: Dodged            |    34 |    20 ||    54

Table legend:
 A = Non-vault XP
 B = Vault XP
 C = Vault XP percentage of total XP
 D = Non-vault monster count
 E = Vault monster count
 F = Vault count percentage of total count
                 A         B        C        D         E       F
            +---------+---------+-------+---------+---------+-------
      Total |      65 |      48 |  42.5 |      34 |       7 |  17.1
            +---------+---------+-------+---------+---------+-------
        D:1 |      41 |       0 |   0.0 |      23 |       0 |   0.0
        D:2 |      24 |      48 |  66.7 |      11 |       7 |  38.9
            +---------+---------+-------+---------+---------+-------
